Coyotes vs Oilers

Created - 22 mars 2024 at 08:25

Goals
1 2 3 T
Coyotes 0 2 0 2
Oilers 0 0 1 1
Shots
1 2 3 T
Coyotes 5 14 4 23
Oilers 13 13 4 30

GoalsPenalties
1st period
No Goal
No Penalty
2nd period
1. Coyotes , Alex DeBrincat 47 (Tim Stützle 60) at 0:22
2. Coyotes , Drake Batherson 19 (Jake DeBrusk 31, Ross Colton 32) at 13:29
No Penalty
3rd period
3. Oilers , Adrian Kempe 38 (Chris Kreider 30, Chris Tierney 16) at 7:34
Adrian Kempe (EDM) for Fighting (Major) at 1:43
Vince Dunn (PHO) for Fighting (Major) at 1:43
Joel Edmundson (EDM) for Hooking (Minor) at 2:04
Tim Stützle (PHO) for Roughing (Minor) at 10:54
Jordan Eberle (PHO) for Tripping (Minor) at 13:42
Alex DeBrincat (PHO) for Slashing (Double Minor) at 17:08
Goalie Stats
Dan Vladar (PHO), 29 saves from 30 shots - (0,967), W, 4-9-1, 60:00 minutes
Cam Talbot (EDM), 21 saves from 23 shots - (0,913), L, 28-28-10, 60:00 minutes
3 StarsOfficial
1 - Dan Vladar (PHO)
2 - Drake Batherson (PHO)
3 - Chris Kreider (EDM)
Referees : Michael Markovic and Maria Furberg
Linesman : Kiel Murchison and Kendall Hanley
Game Note
Vince Dunn beats up Adrian Kempe at 1:43 of 3rd period
Finance
Level 1 -- Attendance: 6000 (100%) -- Ticket Income $540,000
Level 2 -- Attendance: 5000 (100%) -- Ticket Income $250,000
Level 3 -- Attendance: 2000 (100%) -- Ticket Income $70,000
Level 4 -- Attendance: 2947 (77%) -- Ticket Income $58,940
Luxury Box -- Attendance: 971 (97%) -- Ticket Income $184,490
Game was played at the Rexall Place.
Total Attendance: 16918 (95%)
Total Ticket Income: $1,103,430
Other Income: $331,029
Total Income: $1,434,459



Team Name Goals Shots Shots Attemp Shots Blocked PIM HIT PP PK FO%
Coyotes 22362713150 / 1 (0%)054%
Oilers 13049167180 / 4 (0%)046%

Coyotes
Player Name POS G A P +/- PIM HIT SHT SB MP PP MP PP SHT PK MP PK SHT FO% FOT GA TA
Alex DeBrincatLW/RW1011414020:471:0301:2000% 201
Bowen ByramD0001001011:390:0000:0000% 000
Brayden McNabbD0000030124:261:1003:3100% 001
Drake BathersonRW1011003015:380:5200:000100% 100
Jack QuinnLW/RW000-100107:010:0000:0800% 000
Jake DeBruskLW/RW0111001017:290:5202:2000% 010
Jordan EberleRW0000221114:140:1902:2600% 000
Lucas RaymondLW/RW0000011012:040:0400:0000% 000
Marc StaalD0000020024:180:0003:1800% 001
Noah DobsonD0000001123:331:3603:3100% 010
Patrick KaneRW0001003019:211:0300:00050% 200
Rasmus SandinD0001020016:410:5303:1800% 010
Rem PitlickC/LW/RW000-100108:540:0401:16060% 510
Ross ColtonC/LW0111013018:210:5203:19057% 1420
Taylor RaddyshRW000-101118:540:0401:2000% 010
Tim StützleC0111202119:251:0300:00054% 2601
Travis BoydC/RW0000000012:430:0001:29050% 601
Vince DunnD0000520217:390:0000:0000% 000
Oilers
Player Name POS G A P +/- PIM HIT SHT SB MP PP MP PP SHT PK MP PK SHT FO% FOT GA TA
Adam HenriqueC/LW000-1005118:433:0800:37058% 2400
Adrian KempeLW/RW1011515117:523:1400:0000% 000
Boris KatchoukLW0000010015:292:0500:2500% 000
Brett KulakD000-1000220:333:2700:1900% 001
Chris KreiderLW0111051019:063:0300:5700% 000
Chris TierneyC0111001013:400:2100:37050% 400
Denis MalginLW/RW000-1000011:561:2500:4300% 200
Frank VatranoLW/RW000-2005123:482:4100:0000% 111
Jack JohnsonD0001010112:002:1400:4400% 000
Jared McCannC/LW000-2028021:100:0000:00036% 1100
Joel EdmundsonD000-1220425:340:4200:0000% 002
Kurtis MacDermidD000100019:350:0000:4400% 000
Marco ScandellaD0000000010:450:0000:5600% 001
Nick BlankenburgD000001005:283:2200:0000% 001
Nico HischierC0000012119:073:1400:39043% 1410
Noah GregorLW/RW0000022014:051:1610:0000% 010
Radko GudasD000-1001317:190:0001:1510% 001
Rasmus DahlinD000-1020121:493:5300:0000% 020

Coyotes

5 vs 5 Forward
Line #Left WingCenterRight WingPHYDFOFWanted %Time %Time Play
1Alex DeBrincatTim StützlePatrick Kane0144236%18:32
2Jake DeBruskRoss ColtonDrake Batherson0233029%14:40
3Lucas RaymondTravis BoydJordan Eberle0232322%11:14
4Jack QuinnRem PitlickTaylor Raddysh032513%6:46
5 vs 5 Defense
Line #DefenseDefensePHYDFOFWanted %Time %Time Play
1Brayden McNabbNoah Dobson1314037%18:42
2Vince DunnMarc Staal1314042%21:33
3Rasmus SandinBowen Byram0411720%10:28
4Brayden McNabbMarc Staal13131%0:29
Power Play Forward
Line #Left WingCenterRight WingPHYDFOFWanted %Time %Time Play
1Alex DeBrincatTim StützlePatrick Kane0057056%1:07
2Jake DeBruskRoss ColtonDrake Batherson0053044%0:52
Power Play Defense
Line #DefenseDefensePHYDFOFWanted %Time %Time Play
1Vince DunnNoah Dobson0147584%1:40
2Rasmus SandinJordan Eberle0142516%0:19
Penalty Kill 4 Players Forward
Line #CenterWingPHYDFOFWanted %Time %Time Play
1Ross ColtonJordan Eberle1406080%5:29
2Travis BoydTaylor Raddysh1404020%1:20
Penalty Kill 4 Players Defense
Line #DefenseDefensePHYDFOFWanted %Time %Time Play
1Brayden McNabbNoah Dobson0506052%3:31
2Rasmus SandinMarc Staal0504048%3:18
Penalty Kill 3 Players
Line #WingPHYDFOFWanted %Time %Time PlayDefenseDefensePHYDFOFWanted %Time %Time Play
1Ross Colton050600%0:00 Brayden McNabbNoah Dobson050600%0:00
2Travis Boyd050400%0:00 Rasmus SandinMarc Staal050400%0:00
4 vs 4 Forward
Line #CenterWingPHYDFOFWanted %Time %Time Play
1Tim StützleAlex DeBrincat023600%0:00
2Ross ColtonPatrick Kane023400%0:00
4 vs 4 Defense
Line #DefensePHYDFOFWanted %Time %Time Play
1Brayden McNabbNoah Dobson032600%0:00
2Vince DunnMarc Staal032400%0:00
Last Minutes Offensive
Left WingCenterRight WingDefenseDefense
Alex DeBrincatTim StützlePatrick KaneVince DunnNoah Dobson
Last Minutes Defensive
Left WingCenterRight WingDefenseDefense
Jake DeBruskTim StützleJordan EberleBrayden McNabbMarc Staal
Time
Total ForwardTotal DefenseLast Minutes OffensiveLast Minutes Defensive
60:00 60:00 0:000:00
Extra Forwards
Normal PowerPlayPenalty Kill
Tim Stützle, Lucas Raymond, Patrick KaneJordan Eberle, Lucas RaymondJake DeBrusk
Extra Defensemen
Normal PowerPlayPenalty Kill
Noah Dobson, Vince Dunn, Marc StaalBrayden McNabb, Marc StaalVince Dunn
Penalty Shots
Patrick Kane, Tim Stützle, Jordan Eberle, Alex DeBrincat, Jake DeBrusk
Goalie
Dan Vladar, Jake Oettinger
Scratches
Colin White (Healthy), Jacob Bryson (Healthy)

Oilers

5 vs 5 Forward
Line #Left WingCenterRight WingPHYDFOFWanted %Time %Time Play
1Jared McCannAdam HenriqueFrank Vatrano1224030%15:16
2Chris KreiderNico HischierAdrian Kempe1223135%17:51
3Denis MalginJared McCannFrank Vatrano1222114%7:05
4Boris KatchoukChris TierneyNoah Gregor131821%11:00
5 vs 5 Defense
Line #DefenseDefensePHYDFOFWanted %Time %Time Play
1Rasmus DahlinJoel Edmundson1314034%17:24
2Brett KulakRadko Gudas0233033%16:44
3Marco ScandellaJoel Edmundson1312018%9:12
4Jack JohnsonKurtis MacDermid1311015%7:52
Power Play Forward
Line #Left WingCenterRight WingPHYDFOFWanted %Time %Time Play
1Chris KreiderAdam HenriqueFrank Vatrano0145153%3:35
2Adrian KempeNico HischierFrank Vatrano0144947%3:14
Power Play Defense
Line #DefenseDefensePHYDFOFWanted %Time %Time Play
1Brett KulakRasmus Dahlin0055351%3:27
2Rasmus DahlinNick Blankenburg0054749%3:22
Penalty Kill 4 Players Forward
Line #CenterWingPHYDFOFWanted %Time %Time Play
1Adrian KempeChris Kreider1405169%1:22
2Chris TierneyAdam Henrique1404931%0:37
Penalty Kill 4 Players Defense
Line #DefenseDefensePHYDFOFWanted %Time %Time Play
1Joel EdmundsonRadko Gudas1405663%1:15
2Jack JohnsonKurtis MacDermid1404437%0:44
Penalty Kill 3 Players
Line #WingPHYDFOFWanted %Time %Time PlayDefenseDefensePHYDFOFWanted %Time %Time Play
1Boris Katchouk140550%0:00 Marco ScandellaRadko Gudas140550%0:00
2Chris Tierney140450%0:00 Brett KulakKurtis MacDermid140450%0:00
4 vs 4 Forward
Line #CenterWingPHYDFOFWanted %Time %Time Play
1Adam HenriqueFrank Vatrano122600%0:00
2Nico HischierAdam Henrique122400%0:00
4 vs 4 Defense
Line #DefensePHYDFOFWanted %Time %Time Play
1Rasmus DahlinRadko Gudas122600%0:00
2Brett KulakNick Blankenburg122400%0:00
Last Minutes Offensive
Left WingCenterRight WingDefenseDefense
Chris KreiderNico HischierAdrian KempeBrett KulakNick Blankenburg
Last Minutes Defensive
Left WingCenterRight WingDefenseDefense
Boris KatchoukChris TierneyNoah GregorMarco ScandellaJack Johnson
Time
Total ForwardTotal DefenseLast Minutes OffensiveLast Minutes Defensive
60:00 60:00 0:000:00
Extra Forwards
Normal PowerPlayPenalty Kill
Chris Kreider, Adrian Kempe, Boris KatchoukFrank Vatrano, Boris KatchoukDenis Malgin
Extra Defensemen
Normal PowerPlayPenalty Kill
Jack Johnson, Joel Edmundson, Marco ScandellaJack Johnson, Joel EdmundsonMarco Scandella
Penalty Shots
Rasmus Dahlin, Adrian Kempe, Jared McCann, Adam Henrique, Frank Vatrano
Goalie
Cam Talbot, Petr Mrazek
Scratches
Tucker Poolman (Healthy), Wade Allison (Healthy)


Play-by-Play

1st period


0:01 of 1st period - Adam Henrique wins face-off versus Tim Stützle in neutral zone.
0:52 of 1st period - Noah Dobson is hit by Boris Katchouk.
0:55 of 1st period - Off-side.
0:56 of 1st period - Rem Pitlick wins face-off versus Jared McCann in neutral zone.
1:23 of 1st period - Tim Stützle is hit by Chris Kreider and loses puck.
1:28 of 1st period - Snap shot by Nico Hischier.
1:28 of 1st period - Shot Misses the Net.
2:10 of 1st period - Snap shot by Jordan Eberle.
2:10 of 1st period - Shot Misses the Net.
2:12 of 1st period - Slapshot by Brayden McNabb.
2:12 of 1st period - Shot Misses the Net.
2:30 of 1st period - Wrist shot by Alex DeBrincat.
2:30 of 1st period - Shot Hit the Post.
2:32 of 1st period - Wrist shot by Patrick Kane.
2:32 of 1st period - Stopped by Cam Talbot without a rebound.
2:33 of 1st period - Adam Henrique wins face-off versus Ross Colton in Oilers zone.
2:38 of 1st period - Bowen Byram is hit by Joel Edmundson and loses puck.
3:10 of 1st period - Wrist shot by Tim Stützle.
3:10 of 1st period - Shot Blocked by Joel Edmundson.
3:21 of 1st period - Off-side.
3:22 of 1st period - Jared McCann wins face-off versus Travis Boyd in neutral zone.
3:25 of 1st period - Slapshot by Jared McCann.
3:25 of 1st period - Stopped by Dan Vladar without a rebound.
3:26 of 1st period - Travis Boyd wins face-off versus Jared McCann in Coyotes zone.
4:17 of 1st period - Snap shot by Frank Vatrano.
4:17 of 1st period - Stopped by Dan Vladar without a rebound.
4:18 of 1st period - Nico Hischier wins face-off versus Tim Stützle in Coyotes zone.
4:27 of 1st period - Wrist shot by Adrian Kempe.
4:27 of 1st period - Stopped by Dan Vladar with a rebound.
5:08 of 1st period - Icing by Brayden McNabb.
5:09 of 1st period - Nico Hischier wins face-off versus Ross Colton in Coyotes zone.
5:24 of 1st period - Slapshot by Adrian Kempe.
5:24 of 1st period - Stopped by Dan Vladar without a rebound.
5:25 of 1st period - Rem Pitlick wins face-off versus Jared McCann in Coyotes zone.
5:52 of 1st period - Adam Henrique is hit by Ross Colton and loses puck.
5:59 of 1st period - Slapshot by Drake Batherson.
5:59 of 1st period - Stopped by Cam Talbot without a rebound.
6:00 of 1st period - Tim Stützle wins face-off versus Nico Hischier in Oilers zone.
6:29 of 1st period - Slapshot by Jake DeBrusk.
6:29 of 1st period - Shot Blocked by Radko Gudas.
6:31 of 1st period - Slapshot by Bowen Byram.
6:31 of 1st period - Stopped by Cam Talbot without a rebound.
6:32 of 1st period - Chris Tierney wins face-off versus Ross Colton in Oilers zone.
7:32 of 1st period - Slapshot by Noah Gregor.
7:32 of 1st period - Shot Misses the Net.
7:42 of 1st period - Wrist shot by Chris Tierney.
7:42 of 1st period - Stopped by Dan Vladar without a rebound.
7:43 of 1st period - Adam Henrique wins face-off versus Tim Stützle in Coyotes zone.
7:56 of 1st period - Slapshot by Alex DeBrincat.
7:56 of 1st period - Stopped by Cam Talbot with a rebound.
7:58 of 1st period - Snap shot by Tim Stützle.
7:58 of 1st period - Shot Blocked by Radko Gudas.
8:00 of 1st period - Wrist shot by Alex DeBrincat.
8:00 of 1st period - Shot Blocked by Brett Kulak.
8:10 of 1st period - Lucas Raymond is hit by Chris Kreider and loses puck.
8:19 of 1st period - Snap shot by Nico Hischier.
8:19 of 1st period - Stopped by Dan Vladar with a rebound.
8:52 of 1st period - Off-side.
8:53 of 1st period - Nico Hischier wins face-off versus Tim Stützle in neutral zone.
9:02 of 1st period - Off-side.
9:03 of 1st period - Tim Stützle wins face-off versus Adam Henrique in neutral zone.
9:10 of 1st period - Rasmus Sandin is hit by Jared McCann and loses puck.
9:35 of 1st period - Snap shot by Jordan Eberle.
9:35 of 1st period - Stopped by Cam Talbot without a rebound.
9:36 of 1st period - Adam Henrique wins face-off versus Travis Boyd in Oilers zone.
9:43 of 1st period - Backhand shot by Jared McCann.
9:43 of 1st period - Shot Blocked by Vince Dunn.
9:45 of 1st period - Wrist shot by Adam Henrique.
9:45 of 1st period - Stopped by Dan Vladar with a rebound.
9:47 of 1st period - Snap shot by Jared McCann.
9:47 of 1st period - Stopped by Dan Vladar with a rebound.
10:15 of 1st period - Backhand shot by Tim Stützle.
10:15 of 1st period - Shot Misses the Net.
10:17 of 1st period - Snap shot by Tim Stützle.
10:17 of 1st period - Shot Blocked by Nico Hischier.
10:42 of 1st period - Icing by Noah Dobson.
10:43 of 1st period - Adam Henrique wins face-off versus Ross Colton in Coyotes zone.
10:44 of 1st period - Snap shot by Frank Vatrano.
10:44 of 1st period - Stopped by Dan Vladar with a rebound.
10:58 of 1st period - Snap shot by Adam Henrique.
10:58 of 1st period - Stopped by Dan Vladar without a rebound.
10:59 of 1st period - Adam Henrique wins face-off versus Alex DeBrincat in Coyotes zone.
11:02 of 1st period - Snap shot by Jared McCann.
11:02 of 1st period - Stopped by Dan Vladar without a rebound.
11:03 of 1st period - Tim Stützle wins face-off versus Adam Henrique in Coyotes zone.
11:12 of 1st period - Jared McCann is hit by Vince Dunn and loses puck.
11:19 of 1st period - Snap shot by Patrick Kane.
11:19 of 1st period - Shot Misses the Net.
12:05 of 1st period - Ross Colton is hit by Noah Gregor and loses puck.
12:32 of 1st period - Backhand shot by Radko Gudas.
12:32 of 1st period - Shot Misses the Net.
13:12 of 1st period - Wrist shot by Adrian Kempe.
13:12 of 1st period - Shot Misses the Net.
13:14 of 1st period - Snap shot by Adrian Kempe.
13:14 of 1st period - Stopped by Dan Vladar without a rebound.
13:15 of 1st period - Adam Henrique wins face-off versus Ross Colton in Coyotes zone.
15:11 of 1st period - Snap shot by Taylor Raddysh.
15:11 of 1st period - Shot Blocked by Jack Johnson.
15:27 of 1st period - Wrist shot by Lucas Raymond.
15:27 of 1st period - Shot Misses the Net.
15:37 of 1st period - Slapshot by Lucas Raymond.
15:37 of 1st period - Shot Misses the Net.
16:19 of 1st period - Icing by Joel Edmundson.
16:20 of 1st period - Tim Stützle wins face-off versus Chris Tierney in Oilers zone.
16:47 of 1st period - Snap shot by Patrick Kane.
16:47 of 1st period - Shot Misses the Net.
17:01 of 1st period - Wrist shot by Chris Tierney.
17:01 of 1st period - Deflect By Noah Gregor.
17:01 of 1st period - Stopped by Dan Vladar without a rebound.
17:02 of 1st period - Ross Colton wins face-off versus Adam Henrique in Coyotes zone.
18:43 of 1st period - Adam Henrique is hit by Jordan Eberle and loses puck.
19:04 of 1st period - Boris Katchouk is hit by Alex DeBrincat and loses puck.
19:18 of 1st period - Off-side.
19:19 of 1st period - Ross Colton wins face-off versus Nico Hischier in neutral zone.
Goals for this period are 0 for Coyotes vs 0 for Oilers.
Shots for this period are 5 for Coyotes vs 13 for Oilers.

2nd period


0:01 of 2nd period - Tim Stützle wins face-off versus Adam Henrique in neutral zone.
0:04 of 2nd period - Snap shot by Alex DeBrincat.
0:04 of 2nd period - Stopped by Cam Talbot with a rebound.
0:06 of 2nd period - Wrist shot by Patrick Kane.
0:06 of 2nd period - Shot Blocked by Joel Edmundson.
0:08 of 2nd period - Slapshot by Brayden McNabb.
0:08 of 2nd period - Shot Blocked by Frank Vatrano.
0:10 of 2nd period - Wrist shot by Tim Stützle.
0:10 of 2nd period - Shot Misses the Net.
0:12 of 2nd period - Wrist shot by Patrick Kane.
0:12 of 2nd period - Stopped by Cam Talbot with a rebound.
0:14 of 2nd period - Snap shot by Noah Dobson.
0:14 of 2nd period - Deflect By Alex DeBrincat.
0:14 of 2nd period - Shot Blocked by Joel Edmundson.
0:14 of 2nd period - Puck is out of play.
0:15 of 2nd period - Tim Stützle wins face-off versus Frank Vatrano in Oilers zone.
0:22 of 2nd period - Wrist shot by Alex DeBrincat.
0:22 of 2nd period - Goal by Alex DeBrincat - Coyotes : 1 - Oilers : 0.
0:23 of 2nd period - Adam Henrique wins face-off versus Tim Stützle in neutral zone.
0:47 of 2nd period - Icing by Frank Vatrano.
0:48 of 2nd period - Travis Boyd wins face-off versus Adam Henrique in Oilers zone.
0:57 of 2nd period - Snap shot by Jared McCann.
0:57 of 2nd period - Shot Misses the Net.
1:13 of 2nd period - Snap shot by Jared McCann.
1:13 of 2nd period - Stopped by Dan Vladar with a rebound.
1:56 of 2nd period - Marc Staal is hit by Jared McCann and loses puck.
2:09 of 2nd period - Snap shot by Adam Henrique.
2:09 of 2nd period - Shot Misses the Net.
2:11 of 2nd period - Slapshot by Frank Vatrano.
2:11 of 2nd period - Shot Hit the Post.
2:13 of 2nd period - Wrist shot by Frank Vatrano.
2:13 of 2nd period - Stopped by Dan Vladar with a rebound.
2:15 of 2nd period - Wrist shot by Adam Henrique.
2:15 of 2nd period - Shot Misses the Net.
2:29 of 2nd period - Snap shot by Travis Boyd.
2:29 of 2nd period - Shot Misses the Net.
2:43 of 2nd period - Snap shot by Jared McCann.
2:43 of 2nd period - Shot Misses the Net.
3:21 of 2nd period - Wrist shot by Lucas Raymond.
3:21 of 2nd period - Shot Blocked by Adam Henrique.
3:46 of 2nd period - Snap shot by Jared McCann.
3:46 of 2nd period - Stopped by Dan Vladar without a rebound.
3:47 of 2nd period - Tim Stützle wins face-off versus Nico Hischier in Coyotes zone.
3:51 of 2nd period - Off-side.
3:52 of 2nd period - Nico Hischier wins face-off versus Tim Stützle in neutral zone.
4:27 of 2nd period - Slapshot by Jake DeBrusk.
4:27 of 2nd period - Shot Misses the Net.
4:45 of 2nd period - Backhand shot by Noah Dobson.
4:45 of 2nd period - Stopped by Cam Talbot with a rebound.
5:09 of 2nd period - Alex DeBrincat is hit by Jack Johnson and loses puck.
8:17 of 2nd period - Bowen Byram is hit by Chris Kreider and loses puck.
9:42 of 2nd period - Icing by Marc Staal.
9:43 of 2nd period - Rem Pitlick wins face-off versus Chris Tierney in Coyotes zone.
10:46 of 2nd period - Snap shot by Alex DeBrincat.
10:46 of 2nd period - Shot Hit the Post.
10:48 of 2nd period - Wrist shot by Jack Quinn.
10:48 of 2nd period - Stopped by Cam Talbot without a rebound.
10:49 of 2nd period - Jared McCann wins face-off versus Rem Pitlick in Oilers zone.
11:00 of 2nd period - Snap shot by Jared McCann.
11:00 of 2nd period - Stopped by Dan Vladar without a rebound.
11:01 of 2nd period - Tim Stützle wins face-off versus Nico Hischier in Coyotes zone.
11:01 of 2nd period - Tim Stützle is hit by Chris Kreider.
11:24 of 2nd period - Icing by Rasmus Dahlin.
11:25 of 2nd period - Drake Batherson wins face-off versus Nico Hischier in Oilers zone.
11:28 of 2nd period - Wrist shot by Jake DeBrusk.
11:28 of 2nd period - Stopped by Cam Talbot without a rebound.
11:29 of 2nd period - Ross Colton wins face-off versus Denis Malgin in Oilers zone.
11:36 of 2nd period - Snap shot by Jake DeBrusk.
11:36 of 2nd period - Shot Misses the Net.
11:38 of 2nd period - Snap shot by Ross Colton.
11:38 of 2nd period - Shot Blocked by Joel Edmundson.
11:40 of 2nd period - Snap shot by Ross Colton.
11:40 of 2nd period - Stopped by Cam Talbot without a rebound.
11:41 of 2nd period - Jared McCann wins face-off versus Tim Stützle in Oilers zone.
11:56 of 2nd period - Wrist shot by Frank Vatrano.
11:56 of 2nd period - Shot Blocked by Tim Stützle.
11:58 of 2nd period - Slapshot by Marco Scandella.
11:58 of 2nd period - Deflect By Frank Vatrano.
11:58 of 2nd period - Shot Misses the Net.
11:58 of 2nd period - Puck is out of play.
11:59 of 2nd period - Ross Colton wins face-off versus Jared McCann in Coyotes zone.
12:14 of 2nd period - Snap shot by Adam Henrique.
12:14 of 2nd period - Shot Blocked by Brayden McNabb.
12:26 of 2nd period - Adrian Kempe is hit by Brayden McNabb and loses puck.
12:37 of 2nd period - Snap shot by Patrick Kane.
12:37 of 2nd period - Stopped by Cam Talbot without a rebound.
12:38 of 2nd period - Ross Colton wins face-off versus Jared McCann in Oilers zone.
12:45 of 2nd period - Wrist shot by Jake DeBrusk.
12:45 of 2nd period - Shot Misses the Net.
12:47 of 2nd period - Snap shot by Ross Colton.
12:47 of 2nd period - Deflect By Drake Batherson.
12:47 of 2nd period - Stopped by Cam Talbot with a rebound.
13:29 of 2nd period - Slapshot by Drake Batherson.
13:29 of 2nd period - Goal by Drake Batherson - Coyotes : 2 - Oilers : 0.
13:30 of 2nd period - Tim Stützle wins face-off versus Nico Hischier in neutral zone.
13:42 of 2nd period - Icing by Nico Hischier.
13:43 of 2nd period - Nico Hischier wins face-off versus Tim Stützle in Oilers zone.
13:55 of 2nd period - Tim Stützle is hit by Chris Kreider and loses puck.
14:32 of 2nd period - Snap shot by Adrian Kempe.
14:32 of 2nd period - Stopped by Dan Vladar without a rebound.
14:33 of 2nd period - Adam Henrique wins face-off versus Tim Stützle in Coyotes zone.
14:38 of 2nd period - Slapshot by Adam Henrique.
14:38 of 2nd period - Stopped by Dan Vladar without a rebound.
14:39 of 2nd period - Adam Henrique wins face-off versus Tim Stützle in Coyotes zone.
14:42 of 2nd period - Snap shot by Adam Henrique.
14:42 of 2nd period - Stopped by Dan Vladar without a rebound.
14:43 of 2nd period - Tim Stützle wins face-off versus Adam Henrique in Coyotes zone.
14:56 of 2nd period - Snap shot by Adam Henrique.
14:56 of 2nd period - Shot Blocked by Vince Dunn.
14:58 of 2nd period - Backhand shot by Jared McCann.
14:58 of 2nd period - Stopped by Dan Vladar with a rebound.
15:00 of 2nd period - Slapshot by Frank Vatrano.
15:00 of 2nd period - Stopped by Dan Vladar without a rebound.
15:01 of 2nd period - Travis Boyd wins face-off versus Nico Hischier in Coyotes zone.
15:08 of 2nd period - Wrist shot by Lucas Raymond.
15:08 of 2nd period - Shot Misses the Net.
16:01 of 2nd period - Snap shot by Drake Batherson.
16:01 of 2nd period - Shot Blocked by Radko Gudas.
16:03 of 2nd period - Wrist shot by Drake Batherson.
16:03 of 2nd period - Shot Misses the Net.
16:05 of 2nd period - Wrist shot by Rasmus Sandin.
16:05 of 2nd period - Shot Blocked by Brett Kulak.
16:35 of 2nd period - Slapshot by Brett Kulak.
16:35 of 2nd period - Deflect By Jared McCann.
16:35 of 2nd period - Stopped by Dan Vladar with a rebound.
17:51 of 2nd period - Wrist shot by Lucas Raymond.
17:51 of 2nd period - Stopped by Cam Talbot with a rebound.
18:07 of 2nd period - Wrist shot by Drake Batherson.
18:07 of 2nd period - Shot Misses the Net.
18:09 of 2nd period - Snap shot by Ross Colton.
18:09 of 2nd period - Stopped by Cam Talbot with a rebound.
18:17 of 2nd period - Snap shot by Jake DeBrusk.
18:17 of 2nd period - Shot Misses the Net.
18:31 of 2nd period - Snap shot by Alex DeBrincat.
18:31 of 2nd period - Shot Misses the Net.
19:00 of 2nd period - Wrist shot by Taylor Raddysh.
19:00 of 2nd period - Stopped by Cam Talbot with a rebound.
19:02 of 2nd period - Wrist shot by Rem Pitlick.
19:02 of 2nd period - Stopped by Cam Talbot without a rebound.
19:03 of 2nd period - Tim Stützle wins face-off versus Adam Henrique in Oilers zone.
19:30 of 2nd period - Jake DeBrusk is hit by Joel Edmundson and loses puck.
19:41 of 2nd period - Snap shot by Chris Kreider.
19:41 of 2nd period - Deflect By Nico Hischier.
19:41 of 2nd period - Stopped by Dan Vladar without a rebound.
19:42 of 2nd period - Adam Henrique wins face-off versus Patrick Kane in Coyotes zone.
19:55 of 2nd period - Slapshot by Adam Henrique.
19:55 of 2nd period - Deflect By Frank Vatrano.
19:55 of 2nd period - Stopped by Dan Vladar with a rebound.
19:57 of 2nd period - Snap shot by Adam Henrique.
19:57 of 2nd period - Stopped by Dan Vladar without a rebound.
19:58 of 2nd period - Jared McCann wins face-off versus Ross Colton in Coyotes zone.
19:59 of 2nd period - Slapshot by Rasmus Dahlin.
19:59 of 2nd period - Shot Misses the Net.
Goals for this period are 2 for Coyotes vs 0 for Oilers.
Shots for this period are 14 for Coyotes vs 13 for Oilers.

3rd period


0:01 of 3rd period - Tim Stützle wins face-off versus Adam Henrique in neutral zone.
0:14 of 3rd period - Snap shot by Alex DeBrincat.
0:14 of 3rd period - Shot Misses the Net.
0:16 of 3rd period - Wrist shot by Patrick Kane.
0:16 of 3rd period - Shot Hit the Post.
0:26 of 3rd period - Frank Vatrano is hit by Lucas Raymond and loses puck.
0:51 of 3rd period - Drake Batherson is hit by Rasmus Dahlin and loses puck.
1:20 of 3rd period - Slapshot by Alex DeBrincat.
1:20 of 3rd period - Deflect By Tim Stützle.
1:20 of 3rd period - Stopped by Cam Talbot with a rebound.
1:24 of 3rd period - Snap shot by Tim Stützle.
1:24 of 3rd period - Deflect By Alex DeBrincat.
1:24 of 3rd period - Stopped by Cam Talbot without a rebound.
1:25 of 3rd period - Nico Hischier wins face-off versus Travis Boyd in Oilers zone.
1:43 of 3rd period - Vince Dunn beats up Adrian Kempe.
1:43 of 3rd period - Penalty to Adrian Kempe for Fighting.
1:43 of 3rd period - Penalty to Vince Dunn for Fighting.
1:44 of 3rd period - Adam Henrique wins face-off versus Tim Stützle in Coyotes zone.
2:04 of 3rd period - Minor Penalty to Joel Edmundson for Hooking.
2:05 of 3rd period - Tim Stützle wins face-off versus Denis Malgin in Oilers zone.
2:21 of 3rd period - Slapshot by Radko Gudas.
2:21 of 3rd period - Stopped by Dan Vladar with a rebound.
2:27 of 3rd period - Denis Malgin is hit by Brayden McNabb and loses puck.
2:44 of 3rd period - Snap shot by Jake DeBrusk.
2:44 of 3rd period - Shot Misses the Net.
4:03 of 3rd period - Boris Katchouk is hit by Rasmus Sandin.
4:04 of 3rd period - Penalty to Joel Edmundson is over, Joel Edmundson is back on ice.
4:37 of 3rd period - Joel Edmundson is hit by Brayden McNabb and loses puck.
5:27 of 3rd period - Snap shot by Chris Kreider.
5:27 of 3rd period - Stopped by Dan Vladar with a rebound.
5:29 of 3rd period - Backhand shot by Kurtis MacDermid.
5:29 of 3rd period - Shot Misses the Net.
6:31 of 3rd period - Marc Staal is hit by Rasmus Dahlin and loses puck.
7:25 of 3rd period - Snap shot by Ross Colton.
7:25 of 3rd period - Stopped by Cam Talbot without a rebound.
7:26 of 3rd period - Chris Tierney wins face-off versus Rem Pitlick in Oilers zone.
7:26 of 3rd period - Chris Tierney is hit by Taylor Raddysh.
7:34 of 3rd period - Slapshot by Adrian Kempe.
7:34 of 3rd period - Goal by Adrian Kempe - Coyotes : 2 - Oilers : 1.
7:35 of 3rd period - Tim Stützle wins face-off versus Jared McCann in neutral zone.
8:09 of 3rd period - Snap shot by Ross Colton.
8:09 of 3rd period - Shot Hit the Post.
8:11 of 3rd period - Snap shot by Jake DeBrusk.
8:11 of 3rd period - Shot Blocked by Rasmus Dahlin.
8:13 of 3rd period - Wrist shot by Noah Dobson.
8:13 of 3rd period - Deflect By Drake Batherson.
8:13 of 3rd period - Shot Blocked by Adrian Kempe.
8:13 of 3rd period - Puck is out of play.
8:14 of 3rd period - Adam Henrique wins face-off versus Tim Stützle in Oilers zone.
8:14 of 3rd period - Adam Henrique is hit by Marc Staal.
8:40 of 3rd period - Brett Kulak is hit by Marc Staal.
9:30 of 3rd period - Backhand shot by Tim Stützle.
9:30 of 3rd period - Stopped by Cam Talbot without a rebound.
9:31 of 3rd period - Patrick Kane wins face-off versus Jared McCann in Oilers zone.
10:54 of 3rd period - Minor Penalty to Tim Stützle for Roughing.
10:55 of 3rd period - Ross Colton wins face-off versus Adam Henrique in Coyotes zone.
11:21 of 3rd period - Jordan Eberle is hit by Nick Blankenburg and loses puck.
11:30 of 3rd period - Brett Kulak is hit by Jordan Eberle and loses puck.
12:03 of 3rd period - Backhand shot by Adrian Kempe.
12:03 of 3rd period - Shot Blocked by Taylor Raddysh.
12:09 of 3rd period - Snap shot by Adrian Kempe.
12:09 of 3rd period - Shot Blocked by Noah Dobson.
12:11 of 3rd period - Slapshot by Nico Hischier.
12:11 of 3rd period - Deflect By Noah Gregor.
12:11 of 3rd period - Stopped by Dan Vladar without a rebound.
12:12 of 3rd period - Adam Henrique wins face-off versus Alex DeBrincat in Coyotes zone.
12:54 of 3rd period - Penalty to Tim Stützle is over, Tim Stützle is back on ice.
13:31 of 3rd period - Joel Edmundson is hit by Vince Dunn and loses puck.
13:42 of 3rd period - Minor Penalty to Jordan Eberle for Tripping.
13:43 of 3rd period - Ross Colton wins face-off versus Nico Hischier in Coyotes zone.
13:54 of 3rd period - Jake DeBrusk is hit by Nico Hischier and loses puck.
14:35 of 3rd period - Alex DeBrincat is hit by Adrian Kempe and loses puck.
15:42 of 3rd period - Penalty to Jordan Eberle is over, Jordan Eberle is back on ice.
15:51 of 3rd period - Snap shot by Chris Tierney.
15:51 of 3rd period - Shot Blocked by Jordan Eberle.
16:24 of 3rd period - Wrist shot by Vince Dunn.
16:24 of 3rd period - Shot Blocked by Kurtis MacDermid.
17:08 of 3rd period - Double Minor Penalty to Alex DeBrincat for Slashing.
17:09 of 3rd period - Ross Colton wins face-off versus Adam Henrique in Coyotes zone.
19:27 of 3rd period - Adam Henrique is hit by Rasmus Sandin and loses puck.
19:53 of 3rd period - Travis Boyd is hit by Noah Gregor and loses puck.
Goals for this period are 0 for Coyotes vs 1 for Oilers.
Shots for this period are 4 for Coyotes vs 4 for Oilers.